 Dungeon Crawl Stone Soup version 0.31-a0-277-g31ea1f65cc (webtiles) character file.

Game seed: 1788633212396306429

54 LustLizard the Changeling (level 3, 0/25 HPs)
             Began as an Octopode Shapeshifter on July 15, 2023.
             Slain by an orc wizard
             ... wielding a +0 dagger
              (3 damage)
             ... on level 3 of the Dungeon.
             The game lasted 00:04:03 (1897 turns).

LustLizard the Changeling (Octopode Shapeshifter)   Turns: 1897, Time: 00:04:03

Health: 0/25       AC:  1    Str: 16    XL:     3   Next: 91%
Magic:  12/12      EV: 13    Int: 10    God:
Gold:   140        SH:  0    Dex: 12    Spells: 2/2 levels left

rFire   . .          .
                       - Unarmed
rCold   . . .        (no shield)
rNeg    . . .        (helmet currently unavailable)
rPois   .            (no amulet)
rElec   .            j - ring of magical power
rCorr   .            (no ring)
SInv    .            (no ring)
Will    .....        (no ring)
Stlth   ++           (no ring)
HPRegen 0.24/turn    (no ring)
MPRegen 0.13/turn    (no ring)
                     (no ring)

%: no passive effects
@: confused, beast-form
A: beast (slay +2), almost no armour, amphibious, 8 rings, camouflage 1,
gelatinous body 1, (nimble swimmer 1), tentacles
a: Begin Untransformation


You were on level 3 of the Dungeon.
You were a hulking beast.
You visited 1 branch of the dungeon, and saw 3 of its levels.

You collected 140 gold pieces.

Inventory:

Jewellery
 j - a ring of magical power (left tentacle)
Talismans
 b - a beast talisman
 d - a talisman of death
Scrolls
 c - 2 scrolls of poison {unknown}
 e - 3 scrolls of identify {unknown}
 h - a scroll of revelation {unknown}
Potions
 a - a potion of lignification
 f - a potion of enlightenment {unknown}
 g - a potion of invisibility {unknown}
 i - a potion of degeneration {unknown}
 k - a potion of attraction {unknown}


   Skills:
 + Level 2.6 Fighting
 - Level 2.0 Dodging
 * Level 3.2 Unarmed Combat
 + Level 3.3 Shapeshifting


You had 2 spell levels left.
You didn't know any spells.
Your spell library contained the following spells:

 Spells                   Type           Power      Damage    Failure   Level
 Call Canine Familiar     Summ           0%         N/A       75%         3
 Portal Projectile        Hex/Tloc       0%         N/A       75%         3
 Leda's Liquefaction      Hex/Erth       0%         N/A       98%         4


Dungeon Overview and Level Annotations

Branches:
Dungeon (3/15)

Altars:


Innate Abilities, Weirdness & Mutations

You are a hulking beast.
Your limbs bulge with bestial killing power. (Slay +2)
You cannot wear most types of armour.
You are amphibious.
You can wear up to eight rings at the same time.
Your skin changes colour to match your surroundings (Stealth+).
Your rubbery body absorbs attacks. (AC +1, EV +1)
((You are camouflaged when in or above water. (Stealth+)))
You have tentacles for arms and can constrict up to eight enemies at once.


Message History

An endoplasm comes into view.
The orc moves out of view.
An orc wizard comes into view. It is wielding a +0 dagger.
You tentacle-slap the orc. You grab the orc.
The orc is heavily wounded.
You constrict the orc. The orc hits you with a +0 club.
You tentacle-slap the orc but do no damage.
The orc is severely wounded.
You constrict the orc. The orc hits you with a +0 club.
You tentacle-slap the orc but do no damage.
You squeeze the orc.
You kill the orc!
You start resting.
An endoplasm is nearby!
An orc comes into view. It is wielding a +0 short sword.
The orc wizard shouts!
The orc shouts!
You hear a shout!
The orc wizard gestures at you while chanting.
The puff of flame hits you!
A rat comes into view.
The rat bites you.
The orc wizard gestures at you while chanting.
You are confused.
You bump into the rock wall.
The rat twitches its whiskers.
The rat bites you.
You barely miss the orc wizard. The rat bites you.
The orc wizard closely misses you.
You bump into the rock wall.
The orc wizard closely misses you. The rat bites you.
You bump into the rock wall.
The orc wizard hits you with a +0 dagger.
* * * LOW HITPOINT WARNING * * *
The rat bites you.
* * * LOW HITPOINT WARNING * * *
The rat attacks as you move away! The rat bites you.
* * * LOW HITPOINT WARNING * * *
You tentacle-slap the orc wizard.
The orc wizard is moderately wounded.
The orc wizard hits you with a +0 dagger.
You die... ##### ....########### #......(.... .Jo

#.......... .o#
#......### ..# #..)†..##
..######.. ........###.#
........
#...........######J..#
................horo.#
......>###.########..##
#......###.# #........#
.........#.# #.######..#
...........###.........#
#......................#
#............#..........
#.......>..#..........
.#
#..........#.#........
.#


You could see an orc wizard, an orc, an endoplasm and a rat.

Vanquished Creatures
  A worm (D:2)
  A dart slug (D:2)
  2 orcs (D:3)
  6 ball pythons
  3 bats
  3 endoplasms (D:2)
  5 hobgoblins
  6 jackals
  2 quokkas
  5 frilled lizards
  2 goblins
  4 kobolds
  4 rats (D:1)
44 creatures vanquished.

Notes
Turn   | Place    | Note
-------+----------+-------------------------------------------
     0 | D:1      | LustLizard the Octopode Shapeshifter began the quest for
                  | the Orb.
     0 | D:1      | Reached XP level 1. HP: 14/14 MP: 1/1
   194 | D:1      | Reached XP level 2. HP: 19/19 MP: 2/2
   546 | D:2      | Reached XP level 3. HP: 23/25 MP: 3/3
  1897 | D:3      | Slain by an orc wizard

Illustrated notes

Levels and vault maps discovered:
D:1:      ncdulo_smallfort, layout_rooms, minmay_tiny_reverse_x
D:2:      layout_basic
D:3:      layout_rooms, minmay_misc_feat_rows

Skill      XL: |  1  2  3 |
---------------+----------+-----
Unarmed Combat | 3 |  3.2
Fighting       | |  2.6
Dodging        | |  2.0
Shapeshifting  | |  3.3

Action                     || total
---------------------------++-------
  Melee: Unarmed           ||    80
         Constrict         ||    21
         Tentacles         ||    11
         Punch             ||     2
   Stab: Sleeping          ||     5
 Armour: Skin              ||     5
  Dodge: Dodged            ||    40

Table legend: (Time is in decaauts)
 A = Elapsed time spent in this place.
 B = Non-inter-level travel time spent in this place.
 C = Inter-level travel time spent in this place.
 D = Time resting spent in this place.
 E = Time spent auto-exploring this place.
 F = Levels seen in this place.
 G = Mean time per level.
                   A        B        C        D        E       F      G
               +--------+--------+--------+--------+--------+-----+--------+
         Total |   1892 |   1866 |     26 |    103 |   1489 |   3 |  630.7 |
       Dungeon |   1892 |   1866 |     26 |    103 |   1489 |   3 |  630.7 |
               +--------+--------+--------+--------+--------+-----+--------+

Top non-repeatable levels by time:
     D:2: 1170 daAuts
     D:1: 529 daAuts
     D:3: 192 daAuts
